 Dungeon Crawl Stone Soup version 0.29-a0-362-g5854e031c7 (webtiles) character file.

Game seed: 7231830069132097712

49 ytrimaz the Insei (level 3, -15/23 HPs)
             Began as an Octopode Transmuter on Apr 29, 2022.
             Killed by an exploding hobgoblin (38 damage)
             ... ignited by their inner flame
             ... on level 2 of the Dungeon.
             The game lasted 00:01:29 (1502 turns).

ytrimaz the Insei (Octopode Transmuter)             Turns: 1502, Time: 00:01:30

Health: -15/23     AC:  1    Str:  9    XL:     3   Next: 77%
Magic:  7/7        EV: 13    Int: 17    God:
Gold:   70         SH:  0    Dex: 12    Spells: 1/7 levels left

rFire   . . .      SeeInvis .     - Unarmed
rCold   . . .      Faith    .   (no shield)
rNeg    . . .      Spirit   .   (helmet restricted)
rPois   .          Reflect  .   (no amulet)
rElec   .          Harm     .   (no ring)
rCorr   .          Rampage  .   (no ring)
Will    .....                   (no ring)
Stlth   ++........              (no ring)
HPRegen 0.07/turn               (no ring)
MPRegen 0.10/turn               (no ring)
                                (no ring)
                                (no ring)

@: no status effects
A: almost no armour, amphibious, 8 rings, camouflage 1, gelatinous body 1,
(nimble swimmer 1), tentacles
a: no special abilities


You were on level 2 of the Dungeon.
You visited 1 branch of the dungeon, and saw 2 of its levels.

You collected 70 gold pieces.

Inventory:

Potions
 a - a potion of lignification
 b - a potion of flight {unknown}
 c - 3 potions of heal wounds
 d - a potion of mutation {unknown}
 f - a potion of magic {unknown}
 g - a potion of might {unknown}
 h - 2 potions of haste {unknown}
 j - a potion of curing {unknown}


   Skills:
 - Level 1.0 Fighting
 - Level 2.0 Dodging
 + Level 3.6 Unarmed Combat
 * Level 2.6 Spellcasting
 * Level 2.6 Transmutations


You had one spell level left.
You knew the following spells:

 Your Spells              Type           Power      Damage    Failure   Level
a - Beastly Appendage     Tmut           22%        N/A       6%          1
b - Wereblood             Tmut           11%        N/A       9%          2
c - Spider Form           Tmut/Pois      6%         N/A       30%         3

Your spell library contained the following spells:

 Spells                   Type           Power      Damage    Failure   Level
 Ice Form                 Ice/Tmut       6%         N/A       71%         4


Dungeon Overview and Level Annotations

Branches:
Dungeon (2/15)

Altars:


Innate Abilities, Weirdness & Mutations

You cannot wear most types of armour.
You are amphibious.
You can wear up to eight rings at the same time.
Your skin changes colour to match your surroundings (Stealth+).
Your rubbery body absorbs attacks. (AC +1, EV +1)
((You are camouflaged when in or above water. (Stealth+)))
You have tentacles for arms and can constrict up to eight enemies at once.


Message History

An adder is nearby!
An adder is nearby!
You barely miss the adder. Your grab misses the adder. The adder misses you.
You tentacle-slap the adder. Your grab misses the adder.
The adder is heavily wounded.
The adder closely misses you. The adder barely misses you.
You tentacle-slap the adder. You grab the adder.
The adder is almost dead.
You constrict the adder.
You kill the adder!
One of your tentacles grows a vicious spike.
Your transformation is almost over.
Your tentacle spike disappears.
You now have 62 gold pieces (gained 10).
Found a short sword.
You see here a +0 short sword.
e - a scroll labelled JEANOF MARU
Found a hand axe.
Found a stone staircase leading down.
f - a ruby potion
i - a scroll labelled TAASTR DU IRUME You now have 70 gold pieces (gained 8).
j - a yellow potion A hobgoblin comes into view.
The hobgoblin shouts!
As you read the scroll labelled JEANOF MARU, it crumbles to dust.
The creatures around you are filled with an inner flame!
It was a scroll of immolation.
Unknown command.
As you read the scroll labelled TAASTR DU IRUME, it crumbles to dust.
It is a scroll of identify.
c - 3 potions of heal wounds The hobgoblin hits you but does no damage.
You tentacle-slap the hobgoblin.
Flame seeps out of the hobgoblin.
Your grab misses the hobgoblin.
The hobgoblin is heavily wounded.
The hobgoblin is engulfed in blazing flames.
The hobgoblin explodes!
The fiery explosion engulfs you!!!
Ouch! That really hurt!
You die...

############
#...§§§....#
#...§○@....#
#.#######..#
###########.#######..#
#.................#..#
........>########.#..#
#.#.#...).........#..#
#.#.#.#######..##.#..#
#.#.#.#........##.#..###
#.#.#..................#


There were no monsters in sight!

Vanquished Creatures
  3 adders (D:2)
  2 dart slugs (D:1)
  3 bats (D:1)
  A goblin (D:1)
  5 hobgoblins
  2 kobolds (D:1)
  A quokka (D:1)
  2 ball pythons
  A frilled lizard (D:1)
  A rat (D:1)
21 creatures vanquished.

Notes
Turn   | Place    | Note
-------+----------+-------------------------------------------
     0 | D:1      | ytrimaz the Octopode Transmuter began the quest for the
                  | Orb.
     0 | D:1      | Reached XP level 1. HP: 13/13 MP: 3/3
   180 | D:1      | Reached XP level 2. HP: 18/18 MP: 3/5
   766 | D:1      | Learned a level 2 spell: Wereblood
  1033 | D:2      | Reached XP level 3. HP: 9/23 MP: 4/6
  1041 | D:2      | Learned a level 3 spell: Spider Form
  1502 | D:2      | Killed by an exploding hobgoblin... ignited by their inner
                  | flame

Illustrated notes

Levels and vault maps discovered:
D:1:      lightli_iron_boxes, layout_basic, minmay_misc_feat_plants,
          dreamdust_princess_bridge, minmay_misc_feat_nine_boxes
D:2:      layout_basic

Action                   || total
-------------------------++-------
Melee: Unarmed           ||    45
       Kick              ||     7
       Constrict         ||    15
       Tentacles         ||     6
       Punch             ||     1
 Cast: Beastly Appendage ||    16
  Use: Scroll            ||     5
 Stab: Sleeping          ||     5
Armor: Skin              ||     9
Dodge: Dodged            ||    27

Table legend: (Time is in decaauts)
 A = Elapsed time spent in this place.
 B = Non-inter-level travel time spent in this place.
 C = Inter-level travel time spent in this place.
 D = Time resting spent in this place.
 E = Time spent auto-exploring this place.
 F = Levels seen in this place.
 G = Mean time per level.
                   A        B        C        D        E       F      G
               +--------+--------+--------+--------+--------+-----+--------+
         Total |   1499 |   1481 |     18 |    226 |   1050 |   2 |  749.5 |
       Dungeon |   1499 |   1481 |     18 |    226 |   1050 |   2 |  749.5 |
               +--------+--------+--------+--------+--------+-----+--------+

Top non-repeatable levels by time:
     D:1: 1023 daAuts
     D:2: 476 daAuts
